 Dungeon Crawl Stone Soup version 0.30-a0-778-g2ef04afb54 (webtiles) character file.

Game seed: 13014285949845486449

204 Ceno the Shooter (level 5, -1/37 HPs)
             Began as a Barachi Hexslinger on Feb 17, 2023.
             Slain by a jelly (3 damage)
             ... in a sewer.
             The game lasted 00:11:22 (3368 turns).

Ceno the Shooter (Barachi Hexslinger)               Turns: 3368, Time: 00:11:23

Health: -1/37      AC:  2    Str: 12    XL:     5   Next: 82%
Magic:  6/6        EV: 12    Int: 13    God:
Gold:   121        SH:  0    Dex: 14    Spells: 2/6 levels left

rFire   . . .      SeeInvis .    a - +2 sling
rCold   . . .      Faith    .    (no shield)
rNeg    . . .      Spirit   .    c - +0 robe
rPois   .          Reflect  .    (no helmet)
rElec   .          Harm     .    (no cloak)
rCorr   .          Rampage  .    (no gloves)
Will    .....                    (no boots)
Stlth   +                        (no amulet)
HPRegen 0.26/turn                (no ring)
MPRegen 0.10/turn                (no ring)

@: unable to hop, slow
A: amphibious, slowness 1, strong legs 1, +LOS
a: Hop


You were in a sewer.
You visited 1 branch of the dungeon, and saw 4 of its levels.
You also visited: Sewer.

You collected 121 gold pieces.

Inventory:

Hand Weapons
 a - a +2 sling (weapon)
Missiles
 h - 15 poisoned darts
Armour
 c - a +0 robe (worn)
Scrolls
 b - a scroll of enchant armour {unknown}
 d - a scroll of blinking {unknown}
 e - 2 scrolls of vulnerability {unknown}
 f - a scroll of magic mapping
 k - a scroll of teleportation {unknown}
 n - a scroll of enchant weapon
 o - a scroll of immolation {unknown}
 p - a scroll of fear {unknown}
 q - a scroll of amnesia {unknown}
 s - a scroll of identify
Potions
 g - 4 potions of heal wounds
 i - a potion of brilliance
 j - a potion of haste
 l - a potion of curing {unknown}
 m - a potion of resistance {unknown}
 r - a potion of lignification {unknown}


   Skills:
 - Level 1.2 Fighting
 + Level 4.7 Ranged Weapons
 - Level 2.1 Dodging
 - Level 1.1 Spellcasting
 + Level 4.6 Hexes
 + Level 1.4 Fire Magic


You had 2 spell levels left.
You knew the following spells:

 Your Spells              Type           Power      Damage    Failure   Level
a - Slow                  Hex            48%        N/A       4%          1
b - Inner Flame           Hex/Fire       8%         N/A       24%         3

Your spell library contained the following spells:

 Spells                   Type           Power      Damage    Failure   Level
 Portal Projectile        Hex/Tloc       12%        N/A       32%         3
 Cause Fear               Hex            6%         N/A       38%         4


Dungeon Overview and Level Annotations

Branches:
Dungeon (4/15)              Sewer (1/1)
 Temple: D:4-7

Altars:


Innate Abilities, Weirdness & Mutations

You are amphibious.
You cover ground slowly.
You can hop short distances.
You have an extended range of vision and can be seen from far away.


Message History

Press: ? - help, Q - select action, (/) - cycle Shift-Dir - straight line, f - jelly
Aim: a jelly (sparse dust, 90% to hit)
You shoot a sling bullet. The sling bullet hits the jelly.
The jelly is lightly wounded.
Fire: a) +2 sling
Press: ? - help, Q - select action, (/) - cycle Shift-Dir - straight line, f/p - jelly
Aim: a jelly (lightly wounded, 90% to hit)
You shoot a sling bullet. The sling bullet hits the jelly.
The jelly is moderately wounded.
The jelly completely misses you.
Fire: a) +2 sling
Press: ? - help, Q - select action, (/) - cycle Shift-Dir - straight line, f/p - jelly
Aim: a jelly (moderately wounded, 90% to hit)
You shoot a sling bullet.
The sling bullet hits the jelly but does no damage.
The jelly is moderately wounded.
The jelly hits you.
You are splashed with acid!
Fire: a) +2 sling
Press: ? - help, Q - select action, (/) - cycle Shift-Dir - straight line, f/p - jelly
Aim: a jelly (moderately wounded, 90% to hit)
You shoot a sling bullet. The sling bullet hits the jelly.
The jelly is moderately wounded.
The jelly hits you.
You are splashed with acid!
Fire: a) +2 sling
Press: ? - help, Q - select action, (/) - cycle Shift-Dir - straight line, f/p - jelly
Aim: a jelly (moderately wounded, 90% to hit)
You shoot a sling bullet. The sling bullet hits the jelly.
The jelly is heavily wounded.
The jelly hits you.
You are splashed with acid!
* * * LOW HITPOINT WARNING * * *
Fire: a) +2 sling
Press: ? - help, Q - select action, (/) - cycle Shift-Dir - straight line, f/p - jelly
Aim: a jelly (heavily wounded, 90% to hit)
You shoot a sling bullet.
The sling bullet hits the jelly but does no damage.
The jelly is heavily wounded.
The jelly misses you. The worm bites you.
* * * LOW HITPOINT WARNING * * *
The jelly hits you.
You die...

~~#########†~~~~# ..# ###
###~.~## #.~# # ##~..##
#..~# #~.~~###~..#
##.~†~~~~.# ##########
###~.~..~### ...~...~~#
##J!##.~~....###
...~..~~~###~.w##~..~..~~~#
#######..##.~~##@~~#.~~.~.~
#~.##~~##Jw.##...##~.
#~.##..~...## †~.#
#######.~###.~~.~# ~.#
.~..~~~..# ####~.# .~#
~.~..~...# #~~.# .#
########## #~~~~. ##~.~~..
##..###


You could see a worm and a jelly.

Vanquished Creatures
  Terence (D:2)
  An orc wizard (D:2)
  3 river rats
  4 adders
  A worm (D:4)
  4 orcs (D:3)
  8 endoplasms
  5 giant cockroaches
  12 goblins
  6 hobgoblins
  2 jackals (D:1)
  3 quokkas
  7 ball pythons
  6 bats
  6 frilled lizards
  7 kobolds
  9 rats
85 creatures vanquished.

Vanquished Creatures (others)
  4 fungi (D:4)
4 creatures vanquished.

Grand Total: 89 creatures vanquished

Notes
Turn   | Place    | Note
-------+----------+-------------------------------------------
     0 | D:1      | Ceno the Barachi Hexslinger began the quest for the Orb.
     0 | D:1      | Reached XP level 1. HP: 15/15 MP: 2/2
   292 | D:1      | Reached XP level 2. HP: 21/21 MP: 3/3
   857 | D:1      | Reached XP level 3. HP: 26/26 MP: 4/4
   875 | D:1      | Learned a level 3 spell: Inner Flame
  1275 | D:2      | Noticed Terence
  1633 | D:2      | Found a faded altar of an unknown god.
  2000 | D:2      | Killed Terence
  2001 | D:2      | Reached XP level 4. HP: 32/32 MP: 0/5
  2119 | D:3      | Noticed an ice beast
  2604 | D:3      | Reached XP level 5. HP: 31/37 MP: 6/6
  3000 | D:3      | You fall into a shaft and drop 1 floor!
  3193 | D:4      | Reached skill level 1 in Fire Magic
  3266 | D:4      | Found a glowing drain.
  3270 | Sewer    | Entered a sewer
  3368 | Sewer    | Slain by a jelly

Illustrated notes

Levels and vault maps discovered:
D:1:      saegor_arrival_simple_c, layout_loops_corners,
          hangedman_abyss_or_decor_lesser_grid
D:2:      layout_basic, hellmonk_ecumenical_altar_arch_garden, uniq_terence
D:3:      layout_rooms, dreamdust_mushroom_princess,
          minmay_misc_feat_nine_boxes, minmay_pentomino_pile
D:4:      layout_basic, lemuel_round_altar, serial_aquarium,
          aquarium_bridge_long_joined [aquarium_subvault_balcony,
          aquarium_subvault_wall, aquarium_subvault_bridge,
          aquarium_subvault_bridge, aquarium_subvault_wall,
          aquarium_subvault_wall], aquarium_window_1, aquarium_window_1,
          aquarium_view_2a, aquarium_pool_S, gup_sewer_entry_spiral
Sewer:    sewer_hellmonk_slimy_pipes

Skill      XL: |  1  2  3  4  5 |
---------------+----------------+-----
Ranged Weapons | 3 4 |  4.7
Hexes          | 4 |  4.6
Fire Magic     | 1 |  1.4
Fighting       | |  1.2
Dodging        | |  2.1
Spellcasting   | |  1.1

Action                     |  1- 3 |  4- 6 || total
---------------------------+-------+-------++-------
   Fire: Sling             |   132 |   171 ||   303
   Cast: Slow              |     8 |    16 ||    24
Ability: Hop               |     5 |     6 ||    11
    Use: Scroll            |     5 |     1 ||     6
 Armour: Robe              |     8 |    12 ||    20
  Dodge: Dodged            |    44 |    45 ||    89

Table legend: (Time is in decaauts)
 A = Elapsed time spent in this place.
 B = Non-inter-level travel time spent in this place.
 C = Inter-level travel time spent in this place.
 D = Time resting spent in this place.
 E = Time spent auto-exploring this place.
 F = Levels seen in this place.
 G = Mean time per level.
                   A        B        C        D        E       F      G
               +--------+--------+--------+--------+--------+-----+--------+
         Total |   3903 |   3710 |    193 |    478 |   2060 |   5 |  780.6 |
       Dungeon |   3788 |   3595 |    193 |    475 |   2060 |   4 |  947.0 |
         Sewer |    115 |    115 |      0 |      3 |      0 |   1 |  115.0 |
               +--------+--------+--------+--------+--------+-----+--------+

Top non-repeatable levels by time:
     D:1: 1388 daAuts
     D:2: 1293 daAuts
     D:3: 800 daAuts
     D:4: 306 daAuts
   Sewer: 115 daAuts
